 Dungeon Crawl Stone Soup version 0.31-a0-43-g46d131a48f (webtiles) character file.

Game seed: 4587843855735982361

346 senseless the Insei (level 6, -7/41 HPs)
             Began as an Octopode Transmuter on May 18, 2023.
             Splashed by a jelly's acid (8 damage)
             ... on level 4 of the Dungeon.
             The game lasted 00:08:06 (2918 turns).

senseless the Insei (Octopode Transmuter)           Turns: 2918, Time: 00:08:08

Health: -7/41      AC: -11   Str: 16    XL:     6   Next: 59%
Magic:  18/18      EV: 15    Int: 15    God:
Gold:   203        SH:  0    Dex: 22    Spells: 1/11 levels left

rFire   + . .        c - +0 hand axe (flame)
rCold   x . .        (no shield)
rNeg    . . .        (helmet currently unavailable)
rPois   .            n - amulet of magic regeneration
rElec   .            f - +6 ring of strength
rCorr   .            g - ring of fire
SInv    .            j - ring of magical power
Will    +....        t - +4 ring of slaying
Stlth   +++          m - +6 ring of dexterity
HPRegen 0.26/turn    (no ring)
MPRegen 0.56/turn    (no ring)
                     (no ring)

%: no passive effects
@: appendages, corroded
A: tentacle spike 3, almost no armour, amphibious, 8 rings, camouflage 1,
gelatinous body 1, (nimble swimmer 1), tentacles, agile 1, low MP 1,
strong-willed 1
a: End Transformation


You were on level 4 of the Dungeon.
One of your tentacles had grown a beastly spike.
You visited 1 branch of the dungeon, and saw 4 of its levels.

You collected 203 gold pieces.

Inventory:

Hand Weapons
 c - a +0 hand axe of flaming (weapon)
 d - a +1 dagger of freezing
Jewellery
 f - a +6 ring of strength (left tentacle)
 g - a ring of fire (right tentacle)
 j - a ring of magical power (on tentacle)
 k - an amulet of guardian spirit
 m - a +6 ring of dexterity (on tentacle)
 n - an amulet of magic regeneration (around mantle)
 t - a +4 ring of slaying (on tentacle)
Wands
 e - a wand of digging (1)
Scrolls
 b - a scroll of teleportation
Potions
 a - a potion of lignification
 h - 2 potions of haste
 i - 2 potions of curing
 l - a potion of attraction
 o - a potion of brilliance {unknown}
 p - a potion of cancellation {unknown}
 q - a potion of ambrosia {unknown}
 r - a potion of might {unknown}
 s - a potion of heal wounds {unknown}


   Skills:
 + Level 2.8 Fighting
 + Level 3.4 Dodging
 + Level 4.1 Unarmed Combat
 + Level 3.2 Spellcasting
 + Level 3.4 Transmutations
 + Level 0.7 Ice Magic


You had one spell level left.
You knew the following spells:

 Your Spells              Type           Power      Damage    Failure   Level
a - Beastly Appendage     Tmut           24%        N/A       4%          1
b - Wereblood             Tmut           12%        N/A       7%          2
c - Spider Form           Tmut/Pois      7%         N/A       28%         3
d - Ice Form              Ice/Tmut       8%         N/A       63%         4

Your spell library contained the following spells:

 Spells                   Type           Power      Damage    Failure   Level


Dungeon Overview and Level Annotations

Branches:
Dungeon (4/15)
 Temple: D:4-7

Altars:


Innate Abilities, Weirdness & Mutations

One of your tentacles has grown a beastly spike.
You cannot wear most types of armour.
You are amphibious.
You can wear up to eight rings at the same time.
Your skin changes colour to match your surroundings (Stealth+).
Your rubbery body absorbs attacks. (AC +1, EV +1)
((You are camouflaged when in or above water. (Stealth+)))
You have tentacles for arms and can constrict up to eight enemies at once.
You are agile. (Dex +4, Str/Int -1)
Your magical capacity is low. (-10% MP)
You are strong-willed. (Will+)


Message History

Found a robe.
You extend your transformation's duration.
You hear a distant slurping noise.
The ball python hisses angrily.
The ball python completely misses you. The ball python barely misses you.
You hit the ball python. You burn the ball python.
You kill the ball python!
No target in view!
You see here a +0 robe.
Found a stone staircase leading down.
Your transformation is almost over.
A jelly comes into view.
The jelly moves out of view.
There is a stone staircase leading down here.
Your tentacle spike disappears.
One of your tentacles grows a vicious spike.
The jelly quivers.
The jelly hits you. The acid corrodes you!
You are splashed with acid!
You hit the jelly. You burn the jelly. The acid corrodes you!
Your tentacles burn!
You pierce the jelly, but do no damage.
The jelly is lightly wounded.
The jelly hits you. The acid corrodes you!
You are splashed with acid!
The jelly closely misses you.
You are too injured to fight recklessly!
You are too injured to fight recklessly!
You barely miss the jelly.
You squeeze the jelly, but do no damage.
The jelly is lightly wounded.
The jelly closely misses you.
You hit the jelly but do no damage.
Your tentacles burn!
You pierce the jelly.
You squeeze the jelly, but do no damage.
The jelly is lightly wounded.
The jelly hits you.
You are splashed with acid!
* * * LOW HITPOINT WARNING * * *
The jelly attacks as you move away! The jelly barely misses you.
There is a stone staircase leading down here.
The jelly attacks as you move away! The jelly hits you.
* * * LOW HITPOINT WARNING * * *
You are splashed with acid!
You die...

#### #.#.. .... ....
######.#.##.... ####
#.............. ....
............. ####
####..........#
...###.##..........#
##.....##..........#
######.#########J###
......[.........@#
######.#########.#
#.#..<....#.#
#.†.......#.#
#.........#.#
#.........#.#
#...........#
######...........#
.......#..........


You could see a jelly.

Vanquished Creatures
  Sigmund (D:3)
  An orc priest (D:3)
  An iguana (D:4)
  Terence (D:2)
  3 adders
  3 worms
  2 dart slugs (D:4)
  8 orcs
  4 bats
  6 endoplasms
  A giant cockroach (D:3)
  2 goblins (D:3)
  4 hobgoblins
  A jackal (D:3)
  A quokka (D:2)
  4 ball pythons
  A frilled lizard (D:3)
  A kobold (D:3)
  4 rats
49 creatures vanquished.

Notes
Turn   | Place    | Note
-------+----------+-------------------------------------------
     0 | D:1      | senseless the Octopode Transmuter began the quest for the
                  | Orb.
     0 | D:1      | Reached XP level 1. HP: 13/13 MP: 3/3
   207 | D:1      | Reached XP level 2. HP: 18/18 MP: 3/5
   257 | D:1      | Found a faded altar of an unknown god.
  1041 | D:2      | Reached XP level 3. HP: 7/23 MP: 6/6
  1316 | D:2      | Noticed Terence
  1329 | D:2      | Killed Terence
  1763 | D:3      | Noticed Sigmund
  1776 | D:3      | Killed Sigmund
  1777 | D:3      | Reached XP level 4. HP: 26/30 MP: 8/8
  1777 | D:3      | Reached XP level 5. HP: 31/35 MP: 9/9
  1777 | D:3      | Reached XP level 6. HP: 36/41 MP: 10/10
  1854 | D:3      | Reached skill level 4 in Unarmed Combat
  1854 | D:3      | Gained mutation: Your magical capacity is low. (-10% MP)
                  | [potion of mutation]
  1854 | D:3      | Gained mutation: You are strong-willed. (Will+) [potion of
                  | mutation]
  1854 | D:3      | Gained mutation: You are agile. (Dex +4, Str/Int -1)
                  | [potion of mutation]
  1968 | D:3      | Learned a level 2 spell: Wereblood
  1972 | D:3      | Learned a level 3 spell: Spider Form
  1977 | D:3      | Learned a level 4 spell: Ice Form
  2918 | D:4      | HP: 1/41 [jelly (2)]
  2918 | D:4      | Splashed by a jelly's acid

Illustrated notes

Levels and vault maps discovered:
D:1:      minmay_arrival_three_doors, layout_rooms,
          shapermc_ecumenical_altar_venn
D:2:      layout_basic, uniq_terence
D:3:      minmay_door_path, layout_basic, minmay_misc_feat_ornament,
          uniq_sigmund
D:4:      layout_basic, chequers_hall_statues_y, minivault_27

Skill      XL: |  1  2  3  4  5  6 |
---------------+-------------------+-----
Fighting       | 2 |  2.8
Dodging        | 3 |  3.4
Spellcasting   | 3 |  3.2
Transmutations | 3 |  3.4
Unarmed Combat | 4 |  4.1
Ice Magic      | |  0.7

Action                     |  1- 3 |  4- 6 || total
---------------------------+-------+-------++-------
  Melee: Dagger            |    44 |    30 ||    74
         Tentacles         |     6 |     8 ||    14
         Constrict         |     8 |    14 ||    22
         Kick              |    15 |    12 ||    27
         Punch             |     2 |       ||     2
         Unarmed           |     1 |       ||     1
         Hand axe          |       |    14 ||    14
   Cast: Beastly Appendage |    17 |    19 ||    36
    Use: Scroll            |     3 |     7 ||    10
         Potion            |     2 |     1 ||     3
   Stab: Sleeping          |     3 |     5 ||     8
 Armour: Skin              |     1 |     1 ||     2
  Dodge: Dodged            |    22 |    21 ||    43

Table legend: (Time is in decaauts)
 A = Elapsed time spent in this place.
 B = Non-inter-level travel time spent in this place.
 C = Inter-level travel time spent in this place.
 D = Time resting spent in this place.
 E = Time spent auto-exploring this place.
 F = Levels seen in this place.
 G = Mean time per level.
                   A        B        C        D        E       F      G
               +--------+--------+--------+--------+--------+-----+--------+
         Total |   2917 |   2775 |    142 |      8 |   2354 |   4 |  729.2 |
       Dungeon |   2917 |   2775 |    142 |      8 |   2354 |   4 |  729.2 |
               +--------+--------+--------+--------+--------+-----+--------+

Top non-repeatable levels by time:
     D:2: 1014 daAuts
     D:3: 978 daAuts
     D:1: 700 daAuts
     D:4: 223 daAuts
